 Dungeon Crawl Stone Soup version 0.23-a0-449-g8e4cbf7 (webtiles) character file.

158 Ijustatesigmund the Magician (level 5, 0/37 HPs)
             Began as a Gnoll Wizard on Nov 21, 2018.
             Slain by a gnoll
             ... wielding a +0 spear
              (8 damage)
             ... on level 3 of the Dungeon.
             The game lasted 00:07:48 (2038 turns).

Ijustatesigmund the Magician (Gnoll Wizard)         Turns: 2038, Time: 00:07:49

Health: 0/37       AC:  3    Str: 10    XL:     5   Next: 39%
Magic:  3/14       EV: 15    Int: 21    God:
Gold:   170        SH:  4    Dex: 18    Spells: 9/18 levels left

rFire    . . .     SeeInvis .   l - +1 morningstar
rCold    . . .     Gourm    .   p - +0 buckler
rNeg     . . .     Faith    .   a - +0 robe
rPois    +         Spirit   .   b - +0 hat
rElec    .         Reflect  .   (no cloak)
rCorr    .         Harm     .   (no gloves)
MR       .....                  c - +0 pair of boots
Stlth    +++.......             (no amulet)
HPRegen  0.12/turn              k - ring of poison resistance
MPRegen  0.14/turn              h - +5 ring of dexterity

@: no status effects
A: distributed training, fangs 1, strong nose
a: no special abilities


You were on level 3 of the Dungeon.
You were not hungry.

You visited 1 branch of the dungeon, and saw 3 of its levels.

You collected 170 gold pieces.

Inventory:

Hand Weapons
 l - a +1 morningstar (weapon)
Armour
 a - a +0 robe (worn)
 b - a +0 hat (worn)
 c - a +0 pair of boots (worn)
 p - a +0 buckler (worn)
Jewellery
 g - an uncursed ring of fire
 h - a +5 ring of dexterity (right hand)
 k - a ring of poison resistance (left hand)
 o - an uncursed ring of fire
Scrolls
 f - 3 scrolls of identify
 i - a scroll of teleportation
 q - 2 scrolls of amnesia {unknown}
 r - a scroll of fear {unknown}
Potions
 s - a potion of curing
Comestibles
 d - 8 rations


   Skills:
 + Level 1.4 Fighting
 + Level 1.4 Short Blades
 + Level 1.4 Long Blades
 + Level 1.4 Axes
 + Level 1.4 Maces & Flails
 + Level 1.4 Polearms
 + Level 1.4 Staves
 + Level 1.4 Slings
 + Level 1.4 Bows
 + Level 1.4 Crossbows
 + Level 1.4 Throwing
 + Level 1.4 Armour
 + Level 4.7 Dodging
 + Level 4.4 Stealth
 + Level 1.4 Shields
 + Level 1.4 Unarmed Combat
 + Level 7.3 Spellcasting
 + Level 2.3 Conjurations
 + Level 1.1 Hexes
 + Level 1.1 Charms
 + Level 2.3 Summonings
 + Level 1.1 Necromancy
 + Level 2.3 Translocations
 + Level 1.1 Transmutations
 + Level 1.1 Fire Magic
 + Level 1.1 Ice Magic
 + Level 1.1 Air Magic
 + Level 1.1 Earth Magic
 + Level 1.1 Poison Magic
 + Level 1.6 Invocations
 + Level 1.4 Evocations


You had 9 spell levels left.
You knew the following spells:

 Your Spells              Type           Power        Failure   Level  Hunger
a - Magic Dart            Conj           ###.         4%          1    None
b - Blink                 Tloc           N/A          7%          2    None
c - Mephitic Cloud        Conj/Pois/Air  ##......     19%         3    None
d - Conjure Flame         Conj/Fire      ###.....     17%         3    None

Your spell library contained the following spells:

 Spells                   Type           Power        Failure   Level  Hunger
 Call Imp                 Summ           ###.....     7%          2    None
 Slow                     Hex            ##......     11%         2    None


Dungeon Overview and Level Annotations

Branches:
Dungeon (3/15)

Altars:


Innate Abilities, Weirdness & Mutations

Your experience applies equally to all skills.
You have very sharp teeth.
Your uncanny sense of smell can sniff out nearby items.


Message History

The gnoll hits you with a +0 flail.
* * * LOW HITPOINT WARNING * * *
Casting: Magic Dart (safe; 4% risk of failure)
Confirm with . or Enter, or press ? or * to list all spells.
Aiming: Magic Dart (safe; 4% risk of failure)
Press: ? - help, Shift-Dir - straight line, f/p - gnoll
Aim: a gnoll, wielding a +0 flail (severely wounded)
The magic dart hits the gnoll.
The gnoll is almost dead.
The gnoll hits the gnoll with a +0 spear!
The gnoll is killed!
Casting: Magic Dart (safe; 4% risk of failure)
Confirm with . or Enter, or press ? or * to list all spells.
Aiming: Magic Dart (safe; 4% risk of failure)
Press: ? - help, Shift-Dir - straight line, f - gnoll
Aim: a gnoll, wielding a +0 spear (severely wounded, confused)
The magic dart hits the gnoll.
The gnoll is almost dead.
The gnoll hits you with a +0 spear!
You die...

##### #...#
######.#.###
#......#...######
....>#####......#
.[.....#...####.#
.......#..## #.#
..........#
###.###
#....####.#
#...@g#
..........#
#.#.#)#
)#.#.....##
#.#)#.#
.#.#.....# #
#...# .#.......#
###.# (###.....#
.# .###.....# .#
.)...##### .#
######


You could see a gnoll (confused).

Vanquished Creatures
  An orc priest (D:3)
  An orc wizard (D:3)
  An adder (D:2)
  3 gnolls (D:3)
  A worm (D:2)
  A dart slug (D:1)
  2 leopard geckos
  11 orcs (D:3)
  A ball python (D:2)
  3 bats (D:1)
  7 goblins
  2 jackals (D:2)
  4 kobolds
  4 frilled lizards
  5 rats
47 creatures vanquished.

Notes
Turn   | Place    | Note
-------+----------+-------------------------------------------
     0 | D:1      | Ijustatesigmund the Gnoll Wizard began the quest for the
                  | Orb.
     0 | D:1      | Reached XP level 1. HP: 13/13 MP: 8/8
    98 | D:1      | Reached XP level 2. HP: 19/19 MP: 7/10
   125 | D:1      | Learned a level 2 spell: Blink
   575 | D:2      | Reached XP level 3. HP: 25/25 MP: 8/11
   580 | D:2      | Learned a level 3 spell: Mephitic Cloud
   584 | D:2      | Learned a level 3 spell: Conjure Flame
   844 | D:2      | Reached skill level 1 in Invocations
  1529 | D:3      | Reached skill level 1 in Fighting
  1529 | D:3      | Reached skill level 1 in Short Blades
  1529 | D:3      | Reached skill level 1 in Long Blades
  1529 | D:3      | Reached skill level 1 in Axes
  1529 | D:3      | Reached skill level 1 in Maces & Flails
  1529 | D:3      | Reached skill level 1 in Polearms
  1529 | D:3      | Reached skill level 1 in Staves
  1529 | D:3      | Reached skill level 1 in Slings
  1529 | D:3      | Reached skill level 1 in Bows
  1529 | D:3      | Reached skill level 1 in Crossbows
  1529 | D:3      | Reached skill level 1 in Throwing
  1529 | D:3      | Reached skill level 1 in Armour
  1529 | D:3      | Reached skill level 1 in Shields
  1529 | D:3      | Reached skill level 1 in Unarmed Combat
  1529 | D:3      | Reached skill level 1 in Evocations
  1785 | D:3      | Reached XP level 4. HP: 32/32 MP: 9/13
  1867 | D:3      | Reached skill level 1 in Hexes
  1867 | D:3      | Reached skill level 1 in Charms
  1867 | D:3      | Reached skill level 1 in Necromancy
  1867 | D:3      | Reached skill level 1 in Transmutations
  1867 | D:3      | Reached skill level 1 in Fire Magic
  1867 | D:3      | Reached skill level 1 in Ice Magic
  1867 | D:3      | Reached skill level 1 in Air Magic
  1867 | D:3      | Reached skill level 1 in Earth Magic
  1867 | D:3      | Reached skill level 1 in Poison Magic
  1873 | D:3      | Reached XP level 5. HP: 18/37 MP: 1/14
  2038 | D:3      | Slain by a gnoll

Vault maps used:
D:1:      shiori_shiawase, chequers_serial_rivers_micro_b
D:3:      minmay_misc_feat_hallway

Skill      XL: |  1  2  3  4 |
---------------+-------------+-----
Conjurations   | 2 |  2.3
Summonings     | 2 |  2.3
Translocations | 2 |  2.3
Invocations    | 1 |  1.6
Fighting       | 1 |  1.4
Short Blades   | 1 |  1.4
Long Blades    | 1 |  1.4
Axes           | 1 |  1.4
Maces & Flails | 1 |  1.4
Polearms       | 1 |  1.4
Staves         | 1 |  1.4
Slings         | 1 |  1.4
Bows           | 1 |  1.4
Crossbows      | 1 |  1.4
Throwing       | 1 |  1.4
Armour         | 1 |  1.4
Shields        | 1 |  1.4
Unarmed Combat | 1 |  1.4
Evocations     | 1 |  1.4
Hexes          | 1 |  1.1
Charms         | 1 |  1.1
Necromancy     | 1 |  1.1
Transmutations | 1 |  1.1
Fire Magic     | 1 |  1.1
Ice Magic      | 1 |  1.1
Air Magic      | 1 |  1.1
Earth Magic    | 1 |  1.1
Poison Magic   | 1 |  1.1
Dodging        | |  4.7
Stealth        | |  4.4
Spellcasting   | |  7.3

Action                   |  1- 3 |  4- 6 || total
-------------------------+-------+-------++-------
Melee: Short sword       |     7 |     1 ||     8
       Morningstar       |       |    13 ||    13
       Bite              |       |     2 ||     2
 Cast: Magic Dart        |    67 |    25 ||    92
       Mephitic Cloud    |     1 |     4 ||     5
  Use: Scroll            |     3 |     4 ||     7
       Potion            |     2 |       ||     2
 Stab: Sleeping          |     1 |       ||     1
       Confused          |       |     2 ||     2
  Eat: Ration            |     1 |       ||     1
       Chunk             |     1 |       ||     1
Armor: Robe              |     2 |     2 ||     4
Dodge: Dodged            |     7 |    14 ||    21
Block: Buckler           |       |     1 ||     1

Table legend:
 A = Non-vault XP
 B = Vault XP
 C = Vault XP percentage of total XP
 D = Non-vault monster count
 E = Vault monster count
 F = Vault count percentage of total count
                 A         B        C        D         E       F
            +---------+---------+-------+---------+---------+-------
      Total |     226 |       0 |   0.0 |      47 |       0 |   0.0
            +---------+---------+-------+---------+---------+-------
        D:1 |      30 |       0 |   0.0 |      15 |       0 |   0.0
        D:2 |      36 |       0 |   0.0 |      12 |       0 |   0.0
        D:3 |     160 |       0 |   0.0 |      20 |       0 |   0.0
            +---------+---------+-------+---------+---------+-------
